AoeStats
← Negev King

Arabia

508440869Analyzed
1v1 RM · 9d ago on Sep 22, 2026· 43m 57s· 2 players
Game mode
Random Map
Map size
Tiny (2 player)
Population
200
Speed
Normal
Resources
Standard
Victory
Conquest
Starting age
Dark Age
Ending age
Imperial Age
RankedLock teamsTeams togetherTeam positionsShared explorationLock speedFull tech treeHidden civsTurbo modeCheats
Victory
Defeat
🇰🇿 Persians · Kazakhstan
1107
+15
🇦🇺 Persians · Australia
1084
-15
Negev King
9:22 Feudal Age
9:26 Man-at-Arms
11:14 Double-Bit Axe
12:05 Loom
26:27 Castle Age
25:44 Fletching
25:54 Padded Archer Armor
27:02 Bodkin Arrow
29:03 Crossbowman
30:23 Thumb Ring
31:54 Horse Collar
33:27 Town Watch
39:40 Scale Mail Armor
40:26 Bow Saw
40:22 Pikeman
jamakucky
7:42 Loom
11:32 Feudal Age
14:45 Double-Bit Axe
14:25 Man-at-Arms
19:13 Arson
20:52 Horse Collar
25:37 Gold Mining
26:30 Bloodlines
28:23 Castle Age
27:32 Fletching
30:38 Scale Barding Armor
31:14 Wheelbarrow
33:42 Husbandry
34:07 Chain Barding Armor
40:37 Imperial Age
41:19 Bow Saw
41:27 Husbandry
42:08 Plate Barding Armor
Connection lost

Rejoining the realm…

Still unreachable

The connection could not be restored.

Session expired

The server has moved on; the page needs a fresh start.